 Dungeon Crawl Stone Soup version 0.29-a0-322-g68df515428 (webtiles) character file.

Game seed: 8682299253003671425

69 zishaf the Charlatan (level 4, -4/33 HPs)
             Began as a Mummy Artificer on Apr 5, 2022.
             Was a Follower of Dithmenos.
             Slain by Terence
             ... wielding a +4 falchion of holy wrath
              (9 damage)
             ... on level 3 of the Dungeon.
             The game lasted 00:03:01 (2717 turns).

zishaf the Charlatan (Mummy Artificer)              Turns: 2717, Time: 00:03:02

Health: -4/33      AC:  5    Str: 15    XL:     4   Next: 2%
Magic:  7/7        EV: 11    Int: 18    God:    Dithmenos [*.....]
Gold:   113        SH:  0    Dex: 12    Spells: 6/7 levels left

rFire   x . .      SeeInvis .   f - +0 war axe (flame)
rCold   + + .      Faith    .   (no shield)
rNeg    + + +      Spirit   .   i - +2 robe {rC+}
rPois   ∞          Reflect  .   k - +0 helmet
rElec   .          Harm     .   (no cloak)
rCorr   .          Rampage  .   (no gloves)
Will    .....                   (no boots)
Stlth   ++........              (no amulet)
HPRegen 0.11/turn               g - +6 ring of intelligence
MPRegen 0.10/turn               (no ring)

@: wreathed by umbra
A: cold resistance 1, negative energy resistance 3, torment resistance 2, heat
vulnerability 1, in touch with death 1, no potions
a: Renounce Religion


You were on level 3 of the Dungeon.
You worshipped Dithmenos.
Dithmenos was aware of your devotion.
You visited 1 branch of the dungeon, and saw 3 of its levels.

You collected 113 gold pieces.

Inventory:

Hand Weapons
 f - a +0 war axe of flaming (weapon)
Armour
 b - a +0 leather armour
 i - a +2 robe of cold resistance (worn)
 k - a +0 helmet (worn)
Jewellery
 g - a +6 ring of intelligence (left hand)
Wands
 c - a wand of flame (15) (quivered)
 d - a wand of charming (15)
 e - a wand of iceblast (9)
Scrolls
 a - 2 scrolls of enchant armour {unknown}
 h - a scroll of teleportation {unknown}
 j - a scroll of summoning {unknown}
 l - a scroll of identify {unknown}
 m - a scroll of fog {unknown}
 n - a scroll of noise {unknown}


   Skills:
 + Level 2.2 Fighting
 + Level 0.9 Axes
 - Level 1.5 Armour
 - Level 1.0 Dodging
 - Level 0.7 Stealth
 + Level 2.2 Spellcasting
 + Level 1.4 Necromancy
 - Level 2.4 Evocations


You had 6 spell levels left.
You knew the following spells:

 Your Spells              Type           Power      Damage    Failure   Level
a - Pain                  Necr           40%        1d6       10%         1

Your spell library contained the following spells:

 Spells                   Type           Power      Damage    Failure   Level
 Agony                    Necr           10%        N/A       95%         5
 Excruciating Wounds      Necr           5%         N/A       95%         5


Dungeon Overview and Level Annotations

Branches:
Dungeon (3/15)

Altars:
Dithmenos

Annotations:
D:3 Terence


Innate Abilities, Weirdness & Mutations

You are immune to poison.
Your flesh is cold resistant. (rC+)
You are immune to negative energy. (rN+++)
You are immune to unholy pain and torment.
You are vulnerable to heat. (rF-)
You are in touch with the powers of death.
You do not drink.


Message History

The goblin hits you but does no damage.
You barely miss the goblin.
The goblin is severely wounded.
The goblin hits you but does no damage. The goblin hits you with a +0 dagger.
You barely miss the goblin.
The goblin is severely wounded.
The goblin hits you with a +0 dagger.
You closely miss the goblin.
The goblin is severely wounded.
The goblin closely misses you. The goblin hits you but does no damage.
You barely miss the goblin.
The goblin is severely wounded.
The goblin hits you but does no damage.
You slash the goblin! You burn the goblin.
You kill the goblin!
Dithmenos accepts your kill.
No target in view!
No target in view!
Terence is nearby!
No target in view!
No target in view!
A goblin comes into view. It is wielding a +0 hunting sling.
Terence shouts!
Terence hits you with a +4 falchion of holy wrath!
You convulse.
You are too injured to fight recklessly!
You are too injured to fight recklessly!
You are too injured to fight recklessly!
You are too injured to fight recklessly!
You hit Terence. You burn Terence.
Terence is lightly wounded.
The goblin shoots a sling bullet.
The sling bullet completely misses you.
Terence hits you with a +4 falchion of holy wrath.
You convulse.
* * * LOW HITPOINT WARNING * * *
You hit Terence. You burn Terence.
Terence is heavily wounded.
Terence closely misses you.
Terence hits you with a +4 falchion of holy wrath!
You die...

#.# #.# #.# #.# #.#
####..≈≈ #.#
####...#.?≈≈## #.#
#@.'.g.'..≈≈≈# #.#
#.@# ≈≈≈## #.#
#..#########≈≈# #.#
#..........#≈≈###.#
#..........'...##.#
#....)(....'.......
#....)†....'...####
#..........#≈≈##
#..#########≈≈#
....# ≈≈≈##


You could see Terence and a goblin.

Vanquished Creatures
  3 adders
  2 worms
  A dart slug (D:3)
  2 ball pythons
  5 endoplasms
  A giant cockroach (D:2)
  5 goblins
  2 hobgoblins
  2 jackals (D:3)
  3 kobolds (D:3)
  2 quokkas
  3 bats
  3 rats
34 creatures vanquished.

Notes
Turn   | Place    | Note
-------+----------+-------------------------------------------
     0 | D:1      | zishaf the Mummy Artificer began the quest for the Orb.
     0 | D:1      | Reached XP level 1. HP: 15/15 MP: 1/1
   189 | D:1      | Found a faded altar of an unknown god.
   235 | D:1      | Prayed at the altar of an unknown god.
   235 | D:1      | Became a worshipper of Dithmenos the Shadowed
   235 | D:1      | Reached * piety under Dithmenos
   879 | D:2      | Reached skill level 1 in Dodging
  1014 | D:2      | Learned a level 1 spell: Pain
  1171 | D:2      | Reached skill level 1 in Spellcasting
  1171 | D:2      | Reached XP level 2. HP: 21/21 MP: 0/3
  1830 | D:3      | Reached skill level 1 in Necromancy
  1830 | D:3      | Gained mutation: You are in touch with the powers of death.
                  | [Mummy growth]
  1830 | D:3      | Reached XP level 3. HP: 27/27 MP: 5/5
  1996 | D:3      | Identified the +1 leather armour of Makhleb's Displeasure
                  | {Harm rPois Str-5 Slay+6}
  2536 | D:3      | Noticed Terence
  2689 | D:3      | Reached XP level 4. HP: 27/33 MP: 7/7
  2717 | D:3      | Slain by Terence

Illustrated notes

Levels and vault maps discovered:
D:1:      psy_arrival_conway, layout_loops_corners,
          hellmonk_ecumenical_altar_arch_garden
D:2:      layout_basic
D:3:      kennysheep_goblin_castle, layout_basic, uniq_terence

Skill      XL: |  1  2  3 |
---------------+----------+-----
Dodging        | 1 |  1.0
Spellcasting   | 1 2 |  2.2
Necromancy     | 1 |  1.4
Fighting       | 2 |  2.2
Axes           | |  0.9
Armour         | |  1.5
Stealth        | |  0.7
Evocations     | |  2.4

Action                   |  1- 3 |  4- 6 || total
-------------------------+-------+-------++-------
Melee: War axe           |    70 |     8 ||    78
 Cast: Pain              |     1 |       ||     1
 Stab: Sleeping          |     3 |       ||     3
Armor: Robe              |    23 |     4 ||    27
Dodge: Dodged            |    74 |     3 ||    77

Table legend: (Time is in decaauts)
 A = Elapsed time spent in this place.
 B = Non-inter-level travel time spent in this place.
 C = Inter-level travel time spent in this place.
 D = Time resting spent in this place.
 E = Time spent auto-exploring this place.
 F = Levels seen in this place.
 G = Mean time per level.
                   A        B        C        D        E       F      G
               +--------+--------+--------+--------+--------+-----+--------+
         Total |   2755 |   2602 |    153 |      0 |   2249 |   3 |  918.3 |
       Dungeon |   2755 |   2602 |    153 |      0 |   2249 |   3 |  918.3 |
               +--------+--------+--------+--------+--------+-----+--------+

Top non-repeatable levels by time:
     D:2: 956 daAuts
     D:3: 920 daAuts
     D:1: 878 daAuts
